 Dungeon Crawl Stone Soup version 0.28.0-1-gb440e238dd (webtiles) character file.

Game seed: 6715649654494279382

58439 Ijustatesigmund the Severer (level 14, -3/133 HPs)
             Began as a Hill Orc Fighter on Feb 24, 2022.
             Was a Priest of Cheibriados.
             Slain by a salamander (6 damage)
             ... in a volcano.
             The game lasted 01:00:08 (29283 turns).

Ijustatesigmund the Severer (Hill Orc Fighter)     Turns: 29283, Time: 01:00:10

Health: -3/133     AC: 20    Str: 27    XL:     14   Next: 90%
Magic:  17/24      EV: 11    Int: 35    God:    Cheibriados [***...]
Gold:   401        SH: 16    Dex: 14    Spells: 11/13 levels left

rFire   + . .      SeeInvis .   g - +3 broad axe
rCold   + . .      Faith    .   c - +1 kite shield
rNeg    . . .      Spirit   .   b - +4 chain mail
rPois   +          Reflect  +   B - +2 hat {Will+}
rElec   +          Harm     .   n - +2 cloak
rCorr   +          Rampage  .   (no gloves)
Will    +++..                   (no boots)
Stlth   ..........              l - amulet "Axiulae" {Reflect rCorr Int+7 SH+5}
HPRegen 0.32/turn               u - +6 ring of intelligence
MPRegen 0.19/turn               d - ring "Omujyaj" {Fly Will+ Int+3 Dex-3}

@: mighty, about to teleport, resistant, flying, studying Dodging, very slow
A: no striking features
a: Renounce Religion, Bend Time, Temporal Distortion


You were in a volcano.
You worshipped Cheibriados.
Cheibriados was most pleased with you.
You visited 3 branches of the dungeon, and saw 19 of its levels.
You also visited: Volcano.

You collected 1045 gold pieces.
You spent 644 gold pieces at shops.

Inventory:

Hand Weapons
 a - a +2 war axe
 g - a +3 broad axe (weapon)
 y - a +1 flail of protection
Missiles
 i - 10 javelins (quivered)
 s - 2 throwing nets
Armour
 b - a +4 chain mail (worn)
 c - a +1 kite shield (worn)
 n - a +2 cloak (worn)
 B - a +2 hat of willpower (worn)
 D - the +3 plate armour "Giqio" {rElec rCorr Dex-3}
   (You bought it in a shop on level 13 of the Dungeon)

   Dex:       It affects your dexterity (-3).
   rElec:     It insulates you from electricity.
   rCorr:     It protects you from acid and corrosion.
Jewellery
 d - the ring "Omujyaj" (right hand) {Fly Will+ Int+3 Dex-3}
   (You found it on level 7 of the Dungeon)

   [ring of flight]

   Int:       It affects your intelligence (+3).
   Dex:       It affects your dexterity (-3).
   Fly:       It grants you flight.
   Will:      It increases your willpower.
 l - the amulet "Axiulae" (around neck) {Reflect rCorr Int+7 SH+5}
   (You acquired it on level 4 of the Dungeon)

   [amulet of reflection]

   It reflects blocked missile attacks.
   Int:       It affects your intelligence (+7).
   rCorr:     It protects you from acid and corrosion.
   SH:        It affects your SH (+5).
 u - a +6 ring of intelligence (left hand)
 J - an amulet of magic regeneration
 K - a ring of ice
Wands
 o - a wand of charming (1)
 p - a wand of flame (22)
 E - a wand of digging (1)
 G - a wand of mindburst (4)
Scrolls
 f - a scroll of amnesia
 t - 4 scrolls of immolation
 v - a scroll of fog
 w - 3 scrolls of enchant armour
 z - a scroll of summoning
 C - 5 scrolls of identify
 F - 2 scrolls of teleportation
Potions
 e - 3 potions of brilliance
 h - a potion of cancellation
 j - 2 potions of mutation
 q - a potion of resistance
 r - 2 potions of magic
 x - 2 potions of flight
 A - 3 potions of attraction
 H - a potion of might


   Skills:
 - Level 14.5 Fighting
 - Level 16.0 Axes
 - Level 9.7 Armour
 - Level 8.2 Dodging
 - Level 7.4 Shields
 - Level 6.8 Transmutations
 + Level 14.4 Invocations
 - Level 2.3 Evocations


You had 11 spell levels left.
You knew the following spells:

 Your Spells              Type           Power      Damage    Failure   Level
a - Wereblood             Tmut           48%        N/A       8%          2

Your spell library contained the following spells:

 Spells                   Type           Power      Damage    Failure   Level
 Beastly Appendage        Tmut           96%        N/A       4%          1
 Spider Form              Tmut/Pois      24%        N/A       52%         3
 Freeze                   Ice            0%         1d3       63%         1
 Ignite Poison            Fire/Tmut/Pois 16%        N/A       67%         3
 Call Canine Familiar     Summ           0%         N/A       94%         3
 Conjure Flame            Conj/Fire      0%         6-21      94%         3
 Frozen Ramparts          Ice            0%         1d2       94%         3
 Ozocubu's Armour         Ice            0%         N/A       94%         3
 Tukima's Dance           Hex            0%         N/A       94%         3
 Vampiric Draining        Necr           0%         2d6       94%         3
 Yara's Violent Unravell  Hex/Tmut       12%        3d7       99%         5
 Hailstorm                Conj/Ice       0%         3d3       100%        4
 Passage of Golubria      Tloc           0%         N/A       100%        4
 Sticky Flame             Conj/Fire      0%         2d3       100%        4
 Haunt                    Necr/Summ      0%         N/A       100%        7
 Ozocubu's Refrigeration  Ice            0%         4d5       100%        7


Dungeon Overview and Level Annotations

Branches:
Dungeon (13/15)            Temple (1/1) D:4            Lair (5/6) D:8
 Spider (0/4) Lair:2        Slime (0/5) Lair:5          Orc (0/2) D:9
 Vaults (0/5) D:13        Volcano (1/1)
  Swamp: Lair:2-4    Shoals: Lair:2-4

Altars:
Ashenzari
Cheibriados
Dithmenos
Elyvilon
Fedhas
Gozag
Hepliaklqana
Kikubaaqudgha
Makhleb
Nemelex Xobeh
Okawaru
Qazlal
Ru
Sif Muna
Trog
Uskayaw
Vehumet
Wu Jian
Xom
Yredelemnul
Zin
The Shining One

Shops:
D:9 ((   D:13 [

Annotations:
D:13 1 runed translucent door
Lair:1 1 runed translucent door


Message History

* * * LOW HITPOINT WARNING * * *
The hell knight burns you.
* * * LOW HITPOINT WARNING * * *
You block the hell knight's attack.
The salamander hits you from afar with a +4 spear of distortion.
* * * LOW HITPOINT WARNING * * *
You are engulfed in flames.
You resist.
* * * LOW HITPOINT WARNING * * *
Space warps around you.
* * * LOW HITPOINT WARNING * * *
Okay, then.
Okay, then.
The flow of time bends around you.
The hell knight gestures at you while chanting.
The bolt of fire hits you. You resist.
* * * LOW HITPOINT WARNING * * *
The salamander shoots an arrow.
You reflect the arrow off an invisible shield around you!
The arrow hits the salamander!!
The salamander hits you but does no damage.
Space warps around you.
* * * LOW HITPOINT WARNING * * *
You block the hell knight's attack.
The air gets thick with the scent of sulphur.
The salamander shoots an arrow.
The arrow completely misses you. You block the hell knight's attack.
The salamander shoots an arrow.
You reflect the arrow off an invisible shield around you!
The arrow hits the salamander!!
You kill the salamander!
Cheibriados thoroughly appreciates the change of pace.
In the distance, the volcano erupts with a roar.
You warp the flow of time around you!
Okay, then.
As you read the scroll of teleportation, it crumbles to dust.
You feel strangely unstable.
The salamander unwields a +0 shortbow of flaming.
It stops flaming.
You block the salamander's attack.
The salamander unwields a +0 shortbow of flaming.
It stops flaming.
The salamander hits you.
You die...

≈§#..).....'..#≈§≈§§#
≈≈##.#8...8#.##≈≈§≈##
≈≈≈###§....###§§§≈##
#≈≈≈§§.....≈§≈≈≈≈##
##≈≈§§8...8§§§§§≈#
###§N§....§≈≈≈≈##
#§§.p.)§§§§###
##≈8N..8≈§≈#
##.@.N.#### #.N...#
#8...8# #.....#
#.....# #8...8#
#.....# #.....#
#8...8#


You could see a hell knight (fast) and 4 salamanders.

Vanquished Creatures
  Gastronok (D:11)
  11 hydras
  4 vault guards (D:13)
  Fannar (Lair:3)
  A rakshasa (D:13)
  2 catoblepae
  A centaur warrior (D:13)
  5 two-headed ogres
  9 death yaks
  Urug (Lair:3)
  A skeletal warrior (D:13)
  A salamander mystic (Volcano)
  2 wizards
  A lindwurm (shapeshifter) (D:13)
  A wolf spider (D:13)
  2 ugly things (D:13)
  6 cyclopes
  2 salamanders (Volcano)
  A manticore (D:13)
  5 elephants (Lair:4)
  A moth of wrath (shapeshifter) (D:10)
  12 cane toads
  6 komodo dragons
  2 rime drakes
  2 kobold demonologists
  A meliai (Lair:2)
  2 trolls
  A polar bear (Lair:3)
  9 blink frogs
  A hornet (D:10)
  10 dream sheep
  Sigmund (D:2)
  2 shadows (D:10)
  31 yaks
  A vampire (D:13)
  2 wyverns
  Eustachio (D:4)
  2 basilisks
  2 vampire mosquitoes
  Menkaure (D:4)
  3 wargs (D:8)
  An acid dragon (D:12)
  15 water moccasins
  3 orc warriors
  6 black bears
  9 centaurs
  10 wolves
  2 ogres
  A phantom (D:6)
  3 kobold brigands (D:11)
  12 bullfrogs
  4 gnoll sergeants
  A scorpion (D:6)
  10 killer bees
  13 wights
  4 howler monkeys
  2 bullfrog zombies
  2 bullfrog skeletons
  A centaur skeleton (D:4)
  2 centaur zombies (D:10)
  2 jellies
  3 hounds
  Crazy Yiuf (D:2)
  10 orc priests
  A gnoll shaman (D:6)
  2 iguanas
  Terence (D:2)
  Natasha (thrice) (D:4)
  13 orc wizards
  12 hell rats (Lair:3)
  A hound skeleton (D:4)
  2 howler monkey zombies
  5 adders
  19 gnolls
  2 howler monkey skeletons
  A white imp (D:7)
  An ufetubus (D:6)
  2 worms
  3 dart slugs
  48 orcs
  11 ball pythons
  2 bats (D:1)
  8 endoplasms
  2 giant cockroaches
  3 goblins
  8 hobgoblins
  19 kobolds
  8 quokkas
  3 frilled lizards
  2 rats
450 creatures vanquished.

Vanquished Creatures (collateral kills)
  Jorgrun (D:12)
  An ugly thing (D:12)
  An orc wizard (D:9)
3 creatures vanquished.

Vanquished Creatures (others)
  3 yaks (D:8)
  An orc warrior (D:8)
  A kobold (D:10)
  38 fungi
  49 plants
  8 toadstools (Lair:1)
100 creatures vanquished.

Grand Total: 553 creatures vanquished

Notes
Turn   | Place    | Note
-------+----------+-------------------------------------------
     0 | D:1      | Ijustatesigmund the Hill Orc Fighter began the quest for
                  | the Orb.
     0 | D:1      | Reached XP level 1. HP: 19/19 MP: 1/1
    45 | D:1      | Found a faded altar of an unknown god.
    93 | D:1      | Reached skill level 3 in Axes
   392 | D:1      | Reached XP level 2. HP: 27/27 MP: 2/2
   802 | D:1      | Reached skill level 4 in Axes
   822 | D:1      | Reached XP level 3. HP: 28/33 MP: 3/3
  1393 | D:2      | Noticed Sigmund
  1516 | D:2      | HP: 1/49 [something (9)]
  1518 | D:2      | Killed Sigmund
  1519 | D:2      | Reached skill level 5 in Fighting
  1519 | D:2      | Reached skill level 6 in Axes
  1519 | D:2      | Reached XP level 4. HP: 2/42 MP: 4/4
  1519 | D:2      | Reached XP level 5. HP: 2/48 MP: 5/5
  1853 | D:2      | Reached XP level 6. HP: 44/56 MP: 6/6
  2113 | D:2      | Got Riylera's Papyrus of Black Rituals and Creation
  2221 | D:2      | Noticed Terence
  2235 | D:2      | Killed Terence
  2516 | D:2      | Found a runed translucent door.
  2517 | D:2      | Noticed Crazy Yiuf
  3554 | D:4      | Noticed Natasha
  3554 | D:4      | Noticed a black bear
  3561 | D:4      | Killed a black bear
  3562 | D:4      | Reached skill level 7 in Axes
  3562 | D:4      | Reached XP level 7. HP: 50/62 MP: 7/7
  3566 | D:4      | Killed Natasha
  3784 | D:4      | Identified a scroll of acquirement
  3784 | D:4      | Acquired the amulet "Axiulae" {Reflect rCorr Int+7 SH+5}
  3788 | D:4      | Noticed Eustachio
  3788 | D:4      | Noticed Menkaure
  4059 | D:2      | Killed Crazy Yiuf
  4607 | D:4      | Noticed Natasha
  4620 | D:4      | Killed Natasha
  4636 | D:4      | Killed Menkaure
  4688 | D:4      | Killed Eustachio
  4689 | D:4      | Reached skill level 5 in Armour
  4689 | D:4      | Reached skill level 5 in Shields
  4689 | D:4      | Reached XP level 8. HP: 60/71 MP: 8/8
  4738 | D:4      | Noticed Natasha
  4743 | D:4      | Killed Natasha
  4768 | D:4      | Found a staircase to the Ecumenical Temple.
  4808 | D:4      | Reached skill level 8 in Axes
  5223 | Temple   | Entered the Ecumenical Temple
  5396 | Temple   | Became a worshipper of Cheibriados the Contemplative
  5449 | D:5      | Entered Level 5 of the Dungeon
  5639 | D:5      | Reached skill level 1 in Invocations
  5647 | D:5      | Reached skill level 1 in Dodging
  5837 | D:5      | Identified the +1 trident of Turmoil {vorpal, rElec rC+}
  6438 | D:5      | Reached * piety under Cheibriados
  6738 | D:6      | Reached skill level 9 in Axes
  6767 | D:6      | Reached XP level 9. HP: 55/80 MP: 11/11
  6976 | D:6      | Reached ** piety under Cheibriados
  7421 | D:7      | Reached skill level 5 in Invocations
  7699 | D:9      | Found Lyoda's Weapon Shop.
  8017 | D:9      | Reached skill level 10 in Axes
  8063 | D:8      | Reached *** piety under Cheibriados
  8478 | D:8      | Reached XP level 10. HP: 71/91 MP: 14/14
  8880 | D:7      | Identified the ring "Omujyaj" {Fly Will+ Int+3 Dex-3}
  9546 | D:7      | Learned a level 2 spell: Wereblood
  9556 | D:7      | Reached **** piety under Cheibriados
  9593 | D:7      | Reached skill level 1 in Transmutations
  9913 | D:8      | Found a staircase to the Lair.
 10068 | D:8      | Identified the amulet "Peomputh" {Reflect +Inv SH+5}
 10147 | D:8      | Noticed a two-headed ogre
 10156 | D:8      | Killed a two-headed ogre
 10273 | D:8      | Found a white marble altar of Elyvilon.
 10273 | D:8      | Found a shadowy altar of Dithmenos.
 11111 | D:9      | Found a staircase to the Orcish Mines.
 11115 | D:9      | Reached ***** piety under Cheibriados
 11116 | D:9      | Found Vyjomoti's Weapon Emporium.
 11351 | D:9      | Reached skill level 5 in Transmutations
 11522 | D:10     | Entered Level 10 of the Dungeon
 11536 | D:10     | Noticed a cyclops
 11536 | D:10     | Noticed a boulder beetle
 11798 | D:10     | Noticed a moth of wrath
 11803 | D:10     | Killed a moth of wrath
 11804 | D:10     | Reached XP level 11. HP: 93/99 MP: 16/16
 12413 | D:10     | Reached skill level 11 in Axes
 13317 | D:10     | Noticed a wizard
 13331 | D:10     | Killed a wizard
 13332 | D:10     | Reached skill level 10 in Fighting
 13339 | D:10     | Killed a cyclops
 13808 | D:11     | Noticed a two-headed ogre
 13816 | D:11     | Reached ****** piety under Cheibriados
 13818 | D:11     | Killed a two-headed ogre
 14095 | D:11     | Noticed a two-headed ogre
 14099 | D:11     | Killed a two-headed ogre
 14100 | D:11     | Reached skill level 12 in Axes
 14121 | D:11     | Noticed a sixfirhy
 14126 | D:11     | Reached XP level 12. HP: 95/108 MP: 16/18
 14128 | D:11     | Noticed a sun demon
 14324 | D:11     | Noticed Gastronok
 14343 | D:11     | Killed Gastronok
 14931 | D:12     | Noticed a two-headed ogre
 14941 | D:12     | Killed a two-headed ogre
 15019 | D:12     | Noticed a five-headed hydra
 15031 | D:12     | Killed a five-headed hydra
 16239 | D:12     | Noticed a six-headed hydra
 16253 | D:12     | Killed a six-headed hydra
 16254 | D:12     | Reached skill level 10 in Invocations
 16622 | D:12     | Noticed Jorgrun
 16631 | D:12     | Killed Jorgrun
 16636 | D:12     | Reached skill level 13 in Axes
 17003 | D:12     | Noticed a two-headed ogre
 17011 | D:12     | Killed a two-headed ogre
 17931 | Lair:1   | Entered Level 1 of the Lair of Beasts
 18245 | Lair:1   | Reached XP level 13. HP: 73/119 MP: 21/21
 18768 | Lair:1   | You are sucked into a shaft and drop 1 floor!
 18772 | Lair:2   | Reached skill level 14 in Axes
 19212 | Lair:1   | Noticed a dire elephant
 19236 | Lair:1   | Found a runed translucent door.
 20342 | Lair:2   | Found a hole to the Spider Nest.
 20423 | Lair:2   | Reached skill level 5 in Dodging
 20688 | Lair:3   | Noticed Urug
 20694 | Lair:3   | Noticed Fannar
 20882 | Lair:3   | Killed Urug
 22500 | Lair:3   | Reached XP level 14. HP: 114/129 MP: 21/23
 22678 | Lair:3   | Killed Fannar
 22928 | Lair:2   | Reached skill level 15 in Axes
 23296 | Lair:2   | Acquired a manual of Dodging
 25759 | D:13     | Found a gate to the Vaults.
 26919 | D:13     | Found Icuall's Antique Armour Shoppe.
 26925 | D:13     | Bought a distressingly furry plate armour for 644 gold
                  | pieces
 26925 | D:13     | Identified the +3 plate armour "Giqio" {rElec rCorr Dex-3}
                  | (You bought it in a shop on level 13 of the Dungeon)
 27022 | D:13     | Reached skill level 1 in Evocations
 27042 | D:13     | Found a runed translucent door.
 28643 | Lair:4   | Reached skill level 16 in Axes
 29146 | Lair:5   | Found a dark tunnel.
 29153 | Volcano  | Entered a volcano
 29243 | Volcano  | Found a burning altar of Makhleb.
 29281 | Volcano  | HP: 4/133 [hell knight/bolt of fire (5)]
 29283 | Volcano  | Slain by a salamander

Illustrated notes

Levels and vault maps discovered:
D:1:      evilmike_arrival_hilbert_curve, layout_basic, basic_ecumenical_altar
D:2:      layout_rooms, uniq_terence, uniq_sigmund, uniq_crazy_yiuf_cottage
D:3:      layout_basic
D:4:      layout_basic, minmay_temple_entry_gardened_gates, uniq_menkaure,
          uniq_eustachio, uniq_natasha
D:5:      layout_basic
D:6:      black_bear_nest_2, layout_rooms
D:7:      layout_cave_pods, nicolae_grassy_gnolls
D:8:      layout_rooms, gammafunk_temple_overflow_elements,
          erik_lair_orcish_takeover, kennysheep_generic_room_5
D:9:      layout_roguey, orc_david_3, serial_shops,
          nicolae_shop_bloodbath_and_beyond
D:10:     cheibrodos_elevator_heist, layout_cave_pools, billiards_dpeg
D:11:     layout_long_grid, uniq_gastronok
D:12:     layout_loops_corners, uniq_jorgrun
D:13:     layout_basic, lightli_vaults_fourway_checkpoint, serial_shops,
          nicolae_stop_n_shop_1, minivault_13
Temple:   regret_index_temple_chain_breaker
Lair:1:   gammafunk_lair_enchanted_lake, layout_big_grid,
          gauntlet_entry_generic, grunt_megastairs_5
Lair:2:   layout_hall_layers, minmay_shoals_entry_lonely_mermaid,
          hellmonk_spider_entry_not_the_bees, st_stairs_9,
          infiniplex_staircase_pool_2
Lair:3:   layout_regular_city, uniq_urug, uniq_fannar
Lair:4:   layout_layer_cave, portal_ice_cave_entry_pillars_1
Lair:5:   layout_gridlike, slime_altar_1, lightli_volcano_entry_magma_tube
Volcano:  kennysheep_volcano_temple

Skill      XL: |  1  2  3  4  5  6  7  8  9 10 11 12 13 14 |
---------------+-------------------------------------------+-----
Axes           | 3 4 6 7 9 10 12 13 14 16 | 16.0
Fighting       | 4 5 6 7 9 10 12 13 14 | 14.5
Armour         | 4 5 7 9 |  9.7
Shields        | 4 5 7 |  7.4
Invocations    | 3 6 7 9 11 12 14 | 14.4
Dodging        | 2 4 6 8 |  8.2
Transmutations | 5 6 |  6.8
Evocations     | 2 |  2.3

Action                   |  1- 3 |  4- 6 |  7- 9 | 10-12 | 13-15 || total
-------------------------+-------+-------+-------+-------+-------++-------
Melee: War axe           |    98 |       |       |   312 |   683 ||  1093
       Hand axe          |    12 |    91 |   372 |   228 |       ||   703
       Flail             |       |       |       |    17 |    91 ||   108
       Broad axe         |       |       |       |       |    17 ||    17
Throw: Javelin           |       |     3 |     4 |     5 |     5 ||    17
 Cast: Wereblood         |       |       |       |     7 |     3 ||    10
Invok: Bend Time         |       |       |       |     3 |    16 ||    19
       Slouch            |       |       |       |     4 |     7 ||    11
       Step From Time    |       |       |       |     1 |     1 ||     2
       Temporal Distorti |       |       |       |       |     1 ||     1
Evoke: Wand              |       |       |     5 |     9 |     6 ||    20
  Use: Potion            |     3 |       |     5 |     5 |     8 ||    21
       Scroll            |       |     3 |    11 |    16 |    17 ||    47
Armor: Scale mail        |    58 |    10 |       |       |       ||    68
       Chain mail        |       |    18 |   185 |   235 |   414 ||   852
Dodge: Dodged            |    47 |    39 |   124 |   258 |   309 ||   777
Block: Buckler           |    27 |    25 |   221 |   325 |   370 ||   968
       Reflection        |       |       |     4 |    21 |    18 ||    43
       Kite shield       |       |       |       |       |   148 ||   148
